 Dungeon Crawl Stone Soup version 0.27-a0-860-gaf99fae3ca (webtiles) character file.

Game seed: 9691646218980261796

1247 jasper the Charlatan (level 8, -3/62 HPs)
             Began as a Demonspawn Artificer on Apr 1, 2021.
             Was a Believer of Ashenzari.
             Slain by a kobold brigand
             ... wielding a +0 club
              (9 damage)
             ... on level 6 of the Dungeon.
             The game lasted 00:10:36 (6210 turns).

jasper the Charlatan (Demonspawn Artificer)         Turns: 6210, Time: 00:10:37

Health: -3/62      AC: 10    Str: 13    XL:     8   Next: 25%
Magic:  8/8        EV: 13    Int: 13    God:    Ashenzari [**....]
Gold:   167        SH:  0    Dex: 15    Spells: 5/7 levels left

rFire    . . .     SeeInvis +   h - +2 dagger "Shattered Negation" {speed, Evo, Fort} (curse)
rCold    . . .     Faith    .   (no shield)
rNeg     . . .     Spirit   .   b - +0 leather armour of the Wild Blue Yonder {Fort, Elem} (curse)
rPois    .         Reflect  .   u - +0 helmet of the Shattered Planets {Evo, Self} (curse)
rElec    .         Harm     .   (no cloak)
rCorr    .         Rampage  .   (no gloves)
Will     .....                  (no boots)
Stlth    +.........             (no amulet)
HPRegen  0.20/turn              q - ring "Gaze Upon Infinity" {+Fly, Bglg, Evo} (curse)
MPRegen  0.11/turn              (no ring)

@: sanguine armoured, flying, slowed, very slow
A: hooves 1, spiny 2, sanguine armour 1
a: Renounce Religion, Shatter the Chains


You were on level 6 of the Dungeon.
You worshipped Ashenzari.
Ashenzari was pleased with you.
You visited 2 branches of the dungeon, and saw 7 of its levels.

You collected 167 gold pieces.

Inventory:

Hand Weapons
 a - a +0 club
 h - the cursed +2 dagger "Shattered Negation" (weapon) {speed, Evo, Fort}
   (You took it off a kobold on level 1 of the Dungeon)

   Attacks with this weapon are significantly faster.
   It has a curse which improves the following skills: Evocations: Evocations.
   Fortitude: Armour and Shields.
Missiles
 j - 189 stones
 o - 37 arrows
 p - 20 poisoned darts (quivered)
Armour
 b - the cursed +0 leather armour of the Wild Blue Yonder (worn) {Fort, Elem}

   It has a curse which improves the following skills: Fortitude: Armour and
   Shields.
   Elements:  Fire Magic, Ice Magic, Air Magic and Earth Magic.
 u - the cursed +0 helmet of the Shattered Planets (worn) {Evo, Self}
   (You took it off Robin on level 3 of the Dungeon)

   It has a curse which improves the following skills: Evocations: Evocations.
   Introspection: Fighting and Spellcasting.
Magical Staves
 c - a staff of fire
Jewellery
 q - the cursed ring "Gaze Upon Infinity" (left hand) {+Fly, Bglg, Evo}
   (You found it on level 2 of the Dungeon)

   [ring of flight]

   It grants you flight.
   It has a curse which improves the following skills: Beguiling: Conjurations,
   Hexes and Translocations.
   Evocations: Evocations.
Wands
 d - a wand of charming (4)
 e - a wand of random effects (11)
Scrolls
 f - 6 scrolls of identify
 i - 3 scrolls of amnesia
 k - a scroll of vulnerability
 l - a scroll of magic mapping
 m - 2 scrolls of enchant weapon
 w - a scroll of summoning
 x - a scroll of teleportation
 y - 2 scrolls of silence
 z - a scroll of blinking
 B - a scroll of enchant armour
Potions
 g - a potion of mutation
 n - 3 potions of curing
 r - a potion of ambrosia
 s - a potion of might
 t - a potion of cancellation
 v - a potion of brilliance
 A - a potion of resistance


   Skills:
 + Level 4.0(5.3) Fighting
 - Level 2.5(4.4) Armour
 + Level 3.5 Dodging
 - Level 0.8 Stealth
 * Level 4.4 Unarmed Combat
 + Level 3.1 Transmutations
 + Level 2.1(3.3) Earth Magic
 - Level 4.8(7.8) Evocations


You had 5 spell levels left.
You knew the following spells:

 Your Spells              Type           Power      Damage    Failure   Level
a - Wereblood             Tmut           8%         N/A       16%         2

Your spell library contained the following spells:

 Spells                   Type           Power      Damage    Failure   Level
 Beastly Appendage        Tmut           16%        N/A       11%         1
 Spider Form              Tmut/Pois      2%         N/A       52%         3
 Petrify                  Tmut/Erth      8%         N/A       69%         4
 Confusing Touch          Hex            0%         N/A       71%         3
 Gell's Gravitas          Tloc           0%         N/A       71%         3
 Ice Form                 Ice/Tmut       4%         N/A       88%         4
 Hydra Form               Tmut           4%         N/A       96%         5
 Yara's Violent Unravell  Hex/Tmut       2%         3d3       99%         5
 Metabolic Englaciation   Hex/Ice        0%         N/A       100%        5


Dungeon Overview and Level Annotations

Branches:
Dungeon (6/15)             Temple (1/1) D:4

Altars:
Ashenzari
Dithmenos
Fedhas
Hepliaklqana
Nemelex Xobeh
Okawaru
Ru
Sif Muna
Trog
Uskayaw
Vehumet
Wu Jian
Xom
Zin
The Shining One


Innate Abilities, Weirdness & Mutations

You have large cloven feet.
You are mostly covered in sharp spines.
When seriously injured, your bleeding wounds create armour. (AC +6)


Message History

You hit the centaur but do no damage.
The centaur is almost dead.
The centaur barely misses you. The centaur kicks you.
You take 1 damage, and have 23/62 hp.
The centaur closely misses you. The centaur misses you.
You hit the centaur. You kick the centaur.
The centaur is almost dead.
The centaur is struck by your spines.
You kill the centaur!
The kobold brigand throws a curare-tipped dart.
The curare-tipped dart hits you.
You are poisoned.
You have difficulty breathing.
* * * LOW HITPOINT WARNING * * *
You feel yourself slow down.
Your base Fighting skill increases to level 4!
You take 11 damage, and have 12/62 hp.
You feel better.
You regained 8 hp, and now have 20/62 hp.
The kobold brigand throws a curare-tipped dart.
The curare-tipped dart barely misses you.
Things that are here:
a +0 shortbow; 19 arrows The kobold brigand hits you with a +0 club!
* * * LOW HITPOINT WARNING * * *
You take 7 damage, and have 14/62 hp.
You hit the kobold brigand. Your kick misses the kobold brigand.
The kobold brigand is lightly wounded.
The kobold hits you with a +0 short sword.
* * * LOW HITPOINT WARNING * * *
The kobold brigand hits you with a +0 club.
* * * LOW HITPOINT WARNING * * *
You take 9 damage, and have 5/62 hp.
You hit the kobold brigand. You kick the kobold brigand.
The kobold brigand is moderately wounded.
The kobold is struck by your spines.
You kill the kobold!
The kobold brigand is struck by your spines.
The kobold brigand hits you with a +0 club!
You die...

, ..................,
* .................. *
....>.............. *,
....................
#....................
#....................,
#.............)......
*
#..........).@K......
*,
#..........).........
*
#....................
*
#................$...
,
#.(..................
,
#....................
, ,
#....................
#...(................
#................. ,


You could see a kobold brigand.

Vanquished Creatures
  4 gnolls
  3 ice beasts (D:5)
  A necrophage (D:5)
  A centaur (D:6)
  A phantom (D:5)
  2 scorpions
  2 hounds
  4 jellies
  A bullfrog skeleton (D:5)
  An orc priest (D:4)
  An iguana (D:4)
  A hound skeleton (D:4)
  Robin (D:3)
  4 adders
  An ufetubus (D:5)
  2 worms (D:2)
  3 dart slugs
  5 orcs
  6 ball pythons
  2 bats (D:1)
  7 endoplasms
  4 giant cockroaches
  12 goblins
  11 hobgoblins
  8 jackals (D:3)
  7 quokkas
  4 frilled lizards
  20 kobolds
  4 rats
123 creatures vanquished.

Vanquished Creatures (collateral kills)
  A necrophage (D:5)
  A gnoll sergeant (D:4)
  A wight (D:4)
  An orc priest (D:5)
  2 gnolls (D:4)
6 creatures vanquished.

Vanquished Creatures (others)
  2 wights (D:4)
  An orc (D:5)
  5 fungi (D:2)
  8 toadstools (D:2)
16 creatures vanquished.

Grand Total: 145 creatures vanquished

Notes
Turn   | Place    | Note
-------+----------+-------------------------------------------
     0 | D:1      | jasper the Demonspawn Artificer began the quest for the
                  | Orb.
     0 | D:1      | Reached XP level 1. HP: 15/15 MP: 1/1
    51 | D:1      | Reached skill level 1 in Dodging
   397 | D:1      | Gained mutation: When seriously injured, your bleeding
                  | wounds create armour. (AC +6) [demonic ancestry]
   397 | D:1      | Reached XP level 2. HP: 16/21 MP: 2/2
  1119 | D:1      | Gained mutation: You have large cloven feet. [demonic
                  | ancestry]
  1119 | D:1      | Reached XP level 3. HP: 22/26 MP: 3/3
  1874 | D:2      | Found a faded altar of an unknown god.
  1939 | D:2      | Became a worshipper of Ashenzari the Shackled
  2088 | D:2      | Learned a level 2 spell: Wereblood
  2394 | D:2      | Gained mutation: You are partially covered in sharp spines.
                  | [demonic ancestry]
  2394 | D:2      | Reached XP level 4. HP: 12/33 MP: 4/4
  3001 | D:3      | Reached skill level 1 in Unarmed Combat
  3013 | D:3      | Noticed Robin
  3043 | D:3      | Killed Robin
  3044 | D:3      | Reached skill level 1 in Transmutations
  3045 | D:3      | Reached XP level 5. HP: 10/38 MP: 5/5
  3453 | D:3      | Found a sacrificial altar of Ru.
  3479 | D:3      | Reached * piety under Ashenzari
  3782 | D:4      | Found a hide-covered altar of Uskayaw.
  4023 | D:4      | Noticed a phantom
  4039 | D:5      | Entered Level 5 of the Dungeon
  4040 | D:5      | Noticed a necrophage
  4054 | D:5      | Gained mutation: You are mostly covered in sharp spines.
                  | [demonic ancestry]
  4054 | D:5      | Reached XP level 6. HP: 42/46 MP: 6/6
  4620 | D:4      | Reached ** piety under Ashenzari
  4661 | D:4      | Found an iron altar of Okawaru.
  4713 | D:4      | Reached XP level 7. HP: 33/54 MP: 7/7
  4896 | D:4      | Found a sparkling altar of Nemelex Xobeh.
  4943 | D:4      | Found a staircase to the Ecumenical Temple.
  4952 | Temple   | Entered the Ecumenical Temple
  5361 | D:5      | Reached skill level 1 in Earth Magic
  5862 | D:5      | Reached XP level 8. HP: 53/62 MP: 8/8
  6210 | D:6      | Slain by a kobold brigand

Illustrated notes

Levels and vault maps discovered:
D:1:      psy_arrival_dodecagon, layout_basic
D:2:      cheibrodos_fertilizer, layout_loops_ring, basic_ecumenical_altar,
          minmay_pentomino_t4
D:3:      layout_rooms, overflow_temple_1_default, uniq_robin
D:4:      layout_basic, okawaru_metal_pillars_1_2, kennysheep_mini_moat,
          nemelex_spade_bored_becter, minmay_temple_entry_proselytizer,
          wad_floor_pattern_untrapped
D:5:      layout_cave_pools, serial_column_ruins, column_ruins_hut,
          column_ruins_corridor_corner, column_ruins_grid_1, column_ruins_grid_1
D:6:      layout_basic, grunt_qazlal_clouds, makhleb_blood_cavern_becter,
          serial_shops, nicolae_shop_crystal, minmay_quadrilaterals
Temple:   eino_temple_lava

Skill      XL: |  1  2  3  4  5  6  7  8 |
---------------+-------------------------+-----
Dodging        | 1 2 3 |  3.5
Armour         | 2 |  2.5
Fighting       | 2 3 4 |  4.0
Unarmed Combat | 1 2 3 4 |  4.4
Transmutations | 1 2 3 |  3.1
Evocations     | 4 |  4.8
Earth Magic    | 1 2 |  2.1
Stealth        | |  0.8

Action                   |  1- 3 |  4- 6 |  7- 9 || total
-------------------------+-------+-------+-------++-------
Melee: Club              |    13 |       |       ||    13
       Dagger            |   139 |   119 |    76 ||   334
       Kick              |    21 |    37 |    34 ||    92
Throw: Dart              |    12 |    32 |    22 ||    66
Invok: Curse Item        |     1 |     2 |     1 ||     4
Evoke: Wand              |    16 |    10 |     4 ||    30
  Use: Potion            |       |       |     1 ||     1
Armor: Leather armour    |    28 |    23 |    12 ||    63
Dodge: Dodged            |    64 |    44 |    42 ||   150

Table legend: (Time is in decaauts)
 A = Elapsed time spent in this place.
 B = Non-inter-level travel time spent in this place.
 C = Inter-level travel time spent in this place.
 D = Time resting spent in this place.
 E = Time spent auto-exploring this place.
 F = Levels seen in this place.
 G = Mean time per level.
                   A        B        C        D        E       F      G
               +--------+--------+--------+--------+--------+-----+--------+
         Total |   6105 |   5937 |    168 |    930 |   3958 |   7 |  872.1 |
       Dungeon |   6010 |   5848 |    162 |    930 |   3871 |   6 | 1001.7 |
        Temple |     94 |     88 |      6 |      0 |     87 |   1 |   94.0 |
               +--------+--------+--------+--------+--------+-----+--------+

Top non-repeatable levels by time:
     D:2: 1482 daAuts
     D:1: 1411 daAuts
     D:4: 1268 daAuts
     D:5: 1025 daAuts
     D:3: 766 daAuts
  Temple: 94 daAuts
     D:6: 57 daAuts
